[ AOE2 MATCH · #486041554 ]
UnrankedBohemians vs None
Rival team · LOSS
[ REPLAY ANALYSIS · EXTRACTED FROM THE RECORDED GAME ]
Feudal
—
Castle
—
Imperial
—
| APM avg | 50.7 |
| APM peak | 101 |
| eAPM avg | 21.3 |
| Villagers / military | 44 / 33 |
Focus
⚔️ 24.9% · 🌾 75.1%
Hussite Wagon ×25 · Monk ×8
Feudal
10:50
Castle
22:37
Imperial
—
| APM avg | 47.8 |
| APM peak | 124 |
| eAPM avg | 18.0 |
| Villagers / military | 53 / 16 |
Focus
⚔️ 24.2% · 🌾 75.8%
Scout Cavalry ×11 · Archer ×3 · Mangonel ×2
Match map
Initial resources + every placement click. Lines = walls · curves = elevation contours. ◆ gold · ⬟ stone · ● berries · ✦ relic · ◌ wall gap
Your base· ✓ Closed at 14:32 · 35t walls · 1 gate(s)
demichelis9's base· Open — opponent sealed themselves in
Smoothed initial terrain · ◌ = detected wall gap · hover for details
Inputs per minute
— Cre4ted SnIpZz - - demichelis9
Build order — Cre4ted SnIpZz
147 actions detected in the replay
| 0:00 | Create | Villager (Male) |
| 0:01 | Create | Villager (Male) |
| 0:02 | Build | House |
| 0:03 | Build | House |
| 0:14 | Create | Villager (Male) |
| 0:35 | Create | Villager (Male) |
| 1:29 | Create | Villager (Male) |
| 2:06 | Build | Mining Camp |
| 2:20 | Create | Villager (Male) |
| 2:22 | Build | Lumber Camp |
| 2:34 | Create | Villager (Male) |
| 3:08 | Create | Villager (Male) |
| 3:40 | Create | Villager (Male) |
| 3:55 | Build | House |
| 3:56 | Build | House |
| 4:02 | Create | Villager (Male) |
| 4:21 | Create | Villager (Male) |
| 4:37 | Build | Palisade Wall |
| 4:58 | Create | Villager (Male) |
| 5:25 | Create | Villager (Male) |
| 5:25 | Create | Villager (Male) |
| 5:42 | Build | Palisade Wall |
| 5:58 | Build | Palisade Wall |
| 6:04 | Create | Villager (Male) |
| 6:04 | Create | Villager (Male) |
| 6:30 | Build | Mill |
| 6:48 | Create | Villager (Male) |
| 6:48 | Create | Villager (Male) |
| 7:58 | Build | Mining Camp |
| 8:00 | Create | Villager (Male) |
| 8:14 | Build | Palisade Wall |
| 8:32 | Research | Loom |
| 9:02 | Research | Feudal Age |
| 9:15 | Build | Palisade Wall |
| 10:27 | Create | Villager (Male) |
| 10:27 | Create | Villager (Male) |
| 10:44 | Build | Palisade Gate |
| 10:46 | Build | Palisade Wall |
| 11:26 | Build | Market |
| 11:28 | Build | Blacksmith |
| 11:56 | Build | Farm |
| 13:02 | Build | Mining Camp |
| 14:24 | Build | House |
| 14:32 | Research | Castle Age |
| 15:23 | Build | Stone Wall |
| 16:00 | Build | Farm |
| 16:09 | Create | Villager (Male) |
| 16:11 | Research | Double-Bit Axe |
| 16:30 | Build | Stone Wall |
| 17:00 | Build | House |
| 17:06 | Build | Stone Wall |
| 17:25 | Build | Castle |
| 17:30 | Create | Villager (Male) |
| 17:36 | Build | House |
| 17:47 | Build | Palisade Wall |
| 17:59 | Create | Villager (Male) |
| 18:04 | Build | Lumber Camp |
| 18:05 | Create | Villager (Male) |
| 18:09 | Build | Farm |
| 18:09 | Build | Farm |
| 18:24 | Build | House |
| 18:29 | Create | Hussite Wagon |
| 18:43 | Create | Hussite Wagon |
| 18:47 | Build | Stone Wall |
| 18:57 | Create | Hussite Wagon |
| 19:02 | Build | Stone Wall |
| 19:08 | Build | Stone Wall |
| 19:25 | Build | Monastery |
| 19:34 | Create | Hussite Wagon |
| 19:45 | Create | Villager (Male) |
| 20:00 | Create | Villager (Male) |
| 20:00 | Research | Town Watch |
| 20:11 | Create | Hussite Wagon |
| 20:30 | Create | Hussite Wagon |
| 20:36 | Create | Villager (Male) |
| 21:07 | Create | Hussite Wagon |
| 21:17 | Create | Monk |
| 21:27 | Create | Hussite Wagon |
| 21:43 | Create | Villager (Male) |
| 22:06 | Create | Hussite Wagon |
| 22:36 | Create | Hussite Wagon |
| 22:52 | Create | Villager (Male) |
| 22:54 | Research | Redemption |
| 23:05 | Build | Outpost |
| 23:23 | Build | Outpost |
| 23:25 | Create | Hussite Wagon |
| 23:26 | Create | Villager (Male) |
| 23:26 | Create | Villager (Male) |
| 23:36 | Create | Monk |
| 24:04 | Create | Monk |
| 24:12 | Create | Hussite Wagon |
| 24:20 | Build | Outpost |
| 24:28 | Create | Hussite Wagon |
| 24:43 | Create | Hussite Wagon |
| 24:44 | Create | Villager (Male) |
| 24:44 | Research | Town Watch |
| 25:01 | Build | Barracks |
| 25:05 | Create | Villager (Male) |
| 25:18 | Create | Hussite Wagon |
| 25:30 | Research | Sanctity |
| 25:37 | Create | Hussite Wagon |
| 25:38 | Create | Villager (Male) |
| 25:41 | Create | Villager (Male) |
| 26:05 | Create | Hussite Wagon |
| 26:36 | Create | Hussite Wagon |
| 26:39 | Build | Stable |
| 26:40 | Create | Villager (Male) |
| 26:52 | Build | Mining Camp |
| 26:53 | Create | Villager (Male) |
| 27:15 | Create | Monk |
| 27:21 | Create | Hussite Wagon |
| 27:29 | Create | Villager (Male) |
| 27:59 | Create | Monk |
| 28:00 | Create | Hussite Wagon |
| 28:07 | Create | Hussite Wagon |
| 28:09 | Create | Monk |
| 28:11 | Build | House |
| 28:12 | Build | House |
| 28:26 | Create | Monk |
| 28:43 | Create | Hussite Wagon |
| 28:51 | Create | Hussite Wagon |
| 28:54 | Create | Villager (Male) |
| 29:13 | Create | Villager (Male) |
| 29:21 | Create | Hussite Wagon |
| 29:39 | Create | Monk |
| 29:45 | Create | Hussite Wagon |
| 30:15 | Create | Villager (Male) |
| 30:23 | Build | Farm |
| 30:27 | Build | Mill |
| 30:48 | Create | Villager (Male) |
| 31:33 | Create | Villager (Male) |
| 31:55 | Build | Farm |
| 31:55 | Build | Farm |
| 31:56 | Build | Farm |
| 31:56 | Build | Farm |
| 31:56 | Build | Farm |
| 31:56 | Build | Farm |
| 31:57 | Build | Farm |
| 31:57 | Build | Farm |
| 31:59 | Build | House |
| 32:07 | Build | Farm |
| 32:07 | Build | Farm |
| 32:07 | Build | Farm |
| 32:08 | Build | Farm |
| 32:08 | Build | Farm |
| 32:08 | Build | Farm |
| 32:08 | Build | Farm |
Build order — demichelis9
First 150 of 159 actions detected
| 0:00 | Create | Villager (Male) |
| 0:01 | Create | Villager (Male) |
| 0:02 | Build | House |
| 0:04 | Build | House |
| 0:09 | Create | Villager (Male) |
| 0:09 | Create | Villager (Male) |
| 0:09 | Create | Villager (Male) |
| 1:25 | Create | Villager (Male) |
| 1:25 | Create | Villager (Male) |
| 2:22 | Create | Villager (Male) |
| 2:22 | Create | Villager (Male) |
| 2:25 | Build | Lumber Camp |
| 2:49 | Create | Villager (Male) |
| 3:04 | Create | Villager (Male) |
| 3:25 | Build | House |
| 3:27 | Build | House |
| 3:45 | Create | Villager (Male) |
| 3:46 | Create | Villager (Male) |
| 3:48 | Create | Villager (Male) |
| 4:48 | Create | Villager (Male) |
| 4:48 | Create | Villager (Male) |
| 5:01 | Build | Mill |
| 5:07 | Create | Villager (Male) |
| 5:07 | Create | Villager (Male) |
| 5:08 | Create | Villager (Male) |
| 5:23 | Create | Villager (Male) |
| 6:00 | Create | Villager (Male) |
| 6:00 | Create | Villager (Male) |
| 6:17 | Create | Villager (Male) |
| 6:18 | Create | Villager (Male) |
| 6:18 | Create | Villager (Male) |
| 6:37 | Create | Villager (Male) |
| 7:54 | Build | Lumber Camp |
| 8:15 | Research | Loom |
| 8:15 | Research | Loom |
| 8:30 | Research | Feudal Age |
| 8:37 | Build | Barracks |
| 8:38 | Build | House |
| 8:40 | Build | House |
| 9:11 | Build | Mining Camp |
| 9:50 | Create | Villager (Male) |
| 10:21 | Build | House |
| 10:50 | Age | Feudal Age |
| 10:53 | Create | Villager (Male) |
| 10:55 | Research | Double-Bit Axe |
| 11:00 | Build | Stable |
| 11:06 | Build | Farm |
| 11:08 | Build | Farm |
| 11:09 | Build | Farm |
| 11:12 | Build | Farm |
| 11:13 | Create | Villager (Male) |
| 11:35 | Build | Farm |
| 11:37 | Create | Villager (Male) |
| 11:39 | Build | Farm |
| 11:40 | Build | Farm |
| 11:42 | Create | Villager (Male) |
| 11:48 | Build | House |
| 11:49 | Build | House |
| 11:57 | Create | Scout Cavalry |
| 11:59 | Create | Scout Cavalry |
| 12:14 | Build | Farm |
| 12:36 | Create | Scout Cavalry |
| 12:41 | Build | Blacksmith |
| 12:46 | Create | Villager (Male) |
| 12:47 | Create | Villager (Male) |
| 12:55 | Build | Farm |
| 12:57 | Create | Villager (Male) |
| 13:21 | Build | House |
| 13:23 | Build | House |
| 13:28 | Build | Farm |
| 13:29 | Build | Farm |
| 13:32 | Create | Villager (Male) |
| 13:32 | Create | Villager (Male) |
| 13:48 | Research | Forging |
| 14:05 | Build | House |
| 14:06 | Create | Villager (Male) |
| 14:30 | Build | Mining Camp |
| 14:43 | Build | Watch Tower |
| 14:57 | Build | Archery Range |
| 15:38 | Build | House |
| 15:39 | Build | House |
| 15:51 | Build | House |
| 16:02 | Create | Villager (Male) |
| 16:03 | Create | Archer |
| 16:03 | Create | Archer |
| 16:03 | Create | Archer |
| 16:15 | Create | Villager (Male) |
| 16:18 | Build | Farm |
| 16:26 | Build | Farm |
| 16:26 | Build | Farm |
| 16:26 | Build | Farm |
| 16:30 | Create | Villager (Male) |
| 16:35 | Build | Farm |
| 16:51 | Create | Villager (Male) |
| 16:54 | Build | Farm |
| 16:54 | Build | Farm |
| 16:55 | Build | Farm |
| 16:59 | Build | Lumber Camp |
| 17:27 | Create | Villager (Male) |
| 17:55 | Build | Watch Tower |
| 18:10 | Build | Watch Tower |
| 18:27 | Create | Villager (Male) |
| 18:31 | Research | Wheelbarrow |
| 19:17 | Build | House |
| 19:29 | Build | House |
| 19:32 | Create | Villager (Male) |
| 19:32 | Create | Villager (Male) |
| 19:40 | Research | Castle Age |
| 19:49 | Build | Stable |
| 20:29 | Build | Mining Camp |
| 20:43 | Research | Scale Barding Armor |
| 20:49 | Build | House |
| 20:52 | Build | House |
| 21:37 | Build | Stable |
| 21:57 | Build | Farm |
| 21:57 | Build | Farm |
| 22:12 | Research | Fletching |
| 22:13 | Research | Fletching |
| 22:17 | Create | Scout Cavalry |
| 22:26 | Build | Market |
| 22:37 | Age | Castle Age |
| 22:47 | Build | Siege Workshop |
| 23:06 | Research | Light Cavalry (upgrade) |
| 23:17 | Build | Town Center |
| 23:30 | Create | Mangonel |
| 23:30 | Create | Mangonel |
| 24:11 | Build | Farm |
| 24:11 | Build | Farm |
| 24:11 | Build | Farm |
| 24:11 | Build | Farm |
| 24:12 | Build | Farm |
| 24:12 | Build | Farm |
| 24:29 | Build | Farm |
| 24:30 | Build | Farm |
| 24:30 | Build | Farm |
| 24:54 | Create | Villager (Male) |
| 24:54 | Create | Villager (Male) |
| 25:13 | Build | Mill |
| 25:33 | Research | Town Watch |
| 25:34 | Create | Villager (Male) |
| 25:35 | Create | Villager (Male) |
| 25:35 | Create | Villager (Male) |
| 26:06 | Create | Scout Cavalry |
| 26:06 | Create | Scout Cavalry |
| 27:08 | Create | Villager (Male) |
| 27:08 | Create | Villager (Male) |
| 27:08 | Create | Villager (Male) |
| 27:15 | Research | Stone Mining |
| 28:14 | Create | Scout Cavalry |
| 28:14 | Create | Scout Cavalry |
Match timeline
| 4:37 | Cre4ted SnIpZz · wall_segment Palisade Wall x2 |
| 5:42 | Cre4ted SnIpZz · wall_segment Palisade Wall x9 |
| 5:58 | Cre4ted SnIpZz · wall_segment Palisade Wall x2 |
| 8:14 | Cre4ted SnIpZz · wall_segment Palisade Wall x13 |
| 8:37 | demichelis9 · first_building Barracks |
| 9:15 | Cre4ted SnIpZz · wall_segment Palisade Wall x6 |
| 10:46 | Cre4ted SnIpZz · wall_segment Palisade Wall x3 |
| 10:50 | demichelis9 · age_up feudal |
| 11:00 | demichelis9 · first_building Stable |
| 14:57 | demichelis9 · first_building Archery Range |
| 15:23 | Cre4ted SnIpZz · wall_segment Stone Wall x6 |
| 16:30 | Cre4ted SnIpZz · wall_segment Stone Wall x6 |
| 17:06 | Cre4ted SnIpZz · wall_segment Stone Wall x2 |
| 17:18 | Cre4ted SnIpZz · first_market_buy 100 stone |
| 17:25 | Cre4ted SnIpZz · first_building Castle |
| 17:47 | Cre4ted SnIpZz · wall_segment Palisade Wall x1 |
| 18:13 | Cre4ted SnIpZz · first_market_sell 100 wood |
| 18:47 | Cre4ted SnIpZz · wall_segment Stone Wall x1 |
| 19:02 | Cre4ted SnIpZz · wall_segment Stone Wall x5 |
| 19:08 | Cre4ted SnIpZz · wall_segment Stone Wall x1 |
| 19:25 | Cre4ted SnIpZz · first_building Monastery |
| 22:37 | demichelis9 · age_up castle |
| 22:47 | demichelis9 · first_building Siege Workshop |
| 25:01 | Cre4ted SnIpZz · first_building Barracks |
| 26:39 | Cre4ted SnIpZz · first_building Stable |
| 28:32 | demichelis9 · first_building Castle |
| 32:10 | demichelis9 · resign |
[ AI ANALYSIS · 1 CREDIT ]
What really happened in this match?
Wolo.gg analyzes every decision: build order, eco, micro, common mistakes by bracket. Personalized analysis on WhatsApp or Discord in 30 seconds.
Civ guide
Bohemians
Perfil
Jugador #3851713